 Dungeon Crawl Stone Soup version 0.19.0 (webtiles) character file.

22 varam the Sneak (level 2, 8/13 HPs)
             Began as a Spriggan Enchanter on Nov 1, 2016.
             Quit the game on level 2 of the Dungeon.
             The game lasted 00:03:03 (975 turns).

varam the Sneak (Spriggan Enchanter)                 Turns: 975, Time: 00:03:04

Health: 8/13       AC:  3    Str:  4    XL:     2   Next: 68%
Magic:  1/6        EV: 18    Int: 16    God:
Gold:   46         SH:  0    Dex: 16    Spells: 2 memorised, 3 levels left

rFire  . . .     SeeInvis +     a - +1 dagger
rCold  . . .     Gourm    .     b - +1 robe
rNeg   . . .     Faith    .     (shield restricted)
rPois  .         Spirit   .     (helmet restricted)
rElec  .         Reflect  .     (no cloak)
rCorr  .         Harm     .     (gloves unavailable)
MR     .....                    (boots unavailable)
Stlth  +++.......               (no amulet)
                                (no ring)
                                (no ring)

@: very quick
A: unfitting armour, see invisible, herbivore 3, speed 3, slow metabolism 2
a: no special abilities


You were on level 2 of the Dungeon.
You were not hungry.

You visited 1 branch of the dungeon, and saw 2 of its levels.

You collected 46 gold pieces.

Inventory:

Hand Weapons
 a - a +1 dagger (weapon)
Armour
 b - a +1 robe (worn)
Scrolls
 e - 2 scrolls of identify {unknown}
 f - a scroll of enchant weapon {unknown}
 h - a scroll of recharging {unknown}
Potions
 g - 2 potions of flight {unknown}
 i - a potion of curing {unknown}
Books
 c - a book of Maledictions

   Spells                             Type                      Level
   a - Corona                         Hexes                        1
   b - Ensorcelled Hibernation        Hexes/Ice                    2
   c - Confuse                        Hexes                        3
   d - Tukima's Dance                 Hexes                        3
   e - Dazzling Spray                 Conjuration/Hexes            3
Comestibles
 d - 2 bread rations


   Skills:
 + Level 2.0 Short Blades
 - Level 3.1 Dodging
 + Level 5.3 Stealth
 - Level 2.7 Spellcasting
 - Level 3.6 Hexes


You had 3 spell levels left.
You knew the following spells:

 Your Spells              Type           Power        Failure   Level  Hunger
a - Ensorcelled Hibernat  Hex/Ice        #.....       14%         2    ##.....
b - Corona                Hex            ##.....      6%          1    #......


Dungeon Overview and Level Annotations

Branches:
Dungeon (2/15)

Altars:


Innate Abilities, Weirdness & Mutations

You are very small and have problems with some larger weapons.
You are too small for most types of armour.
You have supernaturally acute eyesight. (SInv)
You are a herbivore.
You cover ground extremely quickly.
You need consume almost no food.


Message History

The jackal resists with significant effort.
The jackal misses you.
Casting: Ensorcelled Hibernation
Confirm with . or Enter, or press ? or * to list all spells.
Aiming: Ensorcelled Hibernation
Press: ? - help, Shift-Dir - straight line, f/p - jackal
Aim: a jackal (heavily wounded, chance to defeat MR: 57%)
The jackal looks drowsy...
The jackal barks!
The jackal closely misses you.
Casting: Ensorcelled Hibernation
Confirm with . or Enter, or press ? or * to list all spells.
You don't have enough magic to cast that spell.
The hobgoblin hits you with a club.
A frilled lizard and a leopard gecko come into view.
Casting: Ensorcelled Hibernation
Confirm with . or Enter, or press ? or * to list all spells.
You don't have enough magic to cast that spell.
A dart slug comes into view.
Are you sure you want to abandon this character and quit the game? (Confirm with "yes".)

....##.####..w.#..#.#
. #.# #....#..#
....##.####....#..#
.......h.hg....#..#
l...#######....#..#
... #....#..# ..
#.......# # ###'#...#
#.#.@.# #.#...#
#.#...# #.#..<#
#.#...# #.#...#
#.#...# #...# .##.#


You could see a jackal and a hobgoblin.

Vanquished Creatures
  4 goblins (D:1)
  3 hobgoblins (D:1)
  A ball python (D:1)
  6 bats (D:1)
  A frilled lizard (D:1)
  3 kobolds (D:1)
  4 rats (D:1)
22 creatures vanquished.

Notes
Turn   | Place    | Note
-------+----------+-------------------------------------------
     0 | D:1      | varam the Spriggan Enchanter began the quest for the Orb.
     0 | D:1      | Reached XP level 1. HP: 9/9 MP: 5/5
   301 | D:1      | Reached XP level 2. HP: 12/13 MP: 6/6
   309 | D:1      | Learned a level 2 spell: Ensorcelled Hibernation
   527 | D:1      | Reached skill level 5 in Stealth
   741 | D:1      | Reached skill level 2 in Short Blades
   975 | D:2      | Quit the game

Skill      XL: |  1  2 |
---------------+-------+-----
Stealth        | 5 |  5.3
Short Blades   | 2 |  2.0
Dodging        | |  3.1
Spellcasting   | |  2.7
Hexes          | |  3.6

Action                   || total
-------------------------++-------
Melee: Dagger            ||    89
 Cast: Corona            ||     6
       Ensorcelled Hiber ||     9
 Stab: Sleeping          ||     7
Armor: Robe              ||    14
Dodge: Dodged            ||   104
